 Dungeon Crawl Stone Soup version 0.29-a0-994-gc5c9f59d18 (webtiles) character file.

Game seed: 9346183824809281868

168 2tc the Chopper (level 5, -4/45 HPs)
             Began as a Hill Orc Monk on Aug 3, 2022.
             Was a Priest of Beogh.
             Slain by a mummy (11 damage)
             ... in an ossuary.
             The game lasted 00:07:31 (3340 turns).

2tc the Chopper (Hill Orc Monk)                     Turns: 3340, Time: 00:07:32

Health: -4/45      AC:  5    Str: 14 (16) XL:     5   Next: 48%
Magic:  5/5        EV: 11    Int:  9 (10) God:    Beogh [***...]
Gold:   186        SH:  0    Dex: 12 (13) Spells: 4/4 levels left

rFire   . . .      SeeInvis .   c - +0 hand axe (venom)
rCold   . . .      Faith    .   (no shield)
rNeg    . . .      Spirit   .   l - +0 ring mail
rPois   .          Reflect  .   (no helmet)
rElec   .          Harm     .   (no cloak)
rCorr   .          Rampage  .   (no gloves)
Will    .....                   (no boots)
Stlth   +.........              (no amulet)
HPRegen 0.15/turn               (no ring)
MPRegen 0.09/turn               (no ring)

@: no status effects
A: no striking features
a: Renounce Religion, Smiting


You were in an ossuary.
You worshipped Beogh.
Beogh was most pleased with you.
You visited 1 branch of the dungeon, and saw 4 of its levels.
You also visited: Ossuary.

You collected 186 gold pieces.

Inventory:

Hand Weapons
 a - a +1 hand axe
 c - a +0 hand axe of venom (weapon)
Armour
 b - a +0 robe
 l - a +0 ring mail (worn)
Scrolls
 n - a scroll of noise
Potions
 d - 2 potions of might
 e - a potion of degeneration
 f - a potion of attraction {unknown}
 g - a potion of haste {unknown}
 h - a potion of curing {unknown}
 i - 2 potions of lignification
 j - a potion of heal wounds
 k - a potion of resistance {unknown}
 m - a potion of magic {unknown}


   Skills:
 - Level 3.6 Fighting
 * Level 7.9 Axes
 - Level 2.4 Dodging
 - Level 1.5 Stealth


You had 4 spell levels left.
You didn't know any spells.
Your spell library contained the following spells:

 Spells                   Type           Power      Damage    Failure   Level
 Ensorcelled Hibernation  Hex/Ice        0%         N/A       77%         2
 Sublimation of Blood     Necr           0%         N/A       77%         2
 Spider Form              Tmut/Pois      0%         N/A       94%         3
 Anguish                  Hex/Necr       0%         N/A       100%        4
 Petrify                  Tmut/Erth      0%         N/A       100%        4
 Irradiate                Conj/Tmut      0%         3d11      100%        5


Dungeon Overview and Level Annotations

Branches:
Dungeon (4/15)            Ossuary (1/1)
 Temple: D:4-7

Altars:
Beogh

Annotations:
D:4 Edmund


Message History

You hit the goblin zombie.
The goblin zombie is severely damaged.
You hit the goblin zombie. You hit the goblin zombie.
You destroy the goblin zombie!
Beogh accepts your kill.
You hit the goblin zombie. The goblin zombie barely misses you.
You hit the goblin zombie.
You destroy the goblin zombie!
Beogh accepts your kill.
The world spins around you as you enter the gateway.
You enter an ossuary!
Found a gate leading back out of this place.
There is an empty arch of ancient stone here.
You start resting.
A mummy opens the door.
You closely miss the mummy. You hit the mummy.
The mummy is moderately damaged.
The mummy hits you.
You hit the mummy.
The mummy is moderately damaged.
You hit the mummy.
The mummy is heavily damaged.
The mummy hits you but does no damage.
You hit the mummy but do no damage.
The mummy is heavily damaged.
The mummy hits you.
You barely miss the mummy.
The mummy is heavily damaged.
You closely miss the mummy.
The mummy is heavily damaged.
The mummy hits you!
* * * LOW HITPOINT WARNING * * *
You hit the mummy.
The mummy is severely damaged.
You closely miss the mummy.
The mummy is severely damaged.
The mummy hits you!
You die...

##### ###
#∩..#.'.#
#.∩@M.#
#...#.+
##### #


You could see a mummy.

Vanquished Creatures
  A scorpion (D:4)
  4 adders
  A worm (D:2)
  A dart slug (D:2)
  7 bats
  5 endoplasms (D:1)
  7 giant cockroaches
  6 goblins
  3 hobgoblins
  6 jackals
  4 quokkas
  5 ball pythons
  2 frilled lizards
  2 goblin zombies (D:4)
  9 kobolds
  3 rats (D:3)
66 creatures vanquished.

Vanquished Creatures (others)
  11 plants (D:2)
  4 withered plants (Ossuary)
15 creatures vanquished.

Grand Total: 81 creatures vanquished

Notes
Turn   | Place    | Note
-------+----------+-------------------------------------------
     0 | D:1      | 2tc the Hill Orc Monk began the quest for the Orb.
     0 | D:1      | Reached XP level 1. HP: 19/19 MP: 1/1
   240 | D:1      | Reached XP level 2. HP: 15/26 MP: 2/2
   514 | D:1      | Reached skill level 5 in Axes
   702 | D:1      | Found a faded altar of an unknown god.
   714 | D:1      | Prayed at the altar of an unknown god.
   714 | D:1      | Became a worshipper of Beogh the Brigand
   714 | D:1      | Reached * piety under Beogh
   714 | D:1      | Reached ** piety under Beogh
   913 | D:1      | Reached XP level 3. HP: 29/31 MP: 3/3
  1151 | D:2      | Reached *** piety under Beogh
  1182 | D:2      | Reached skill level 6 in Axes
  1361 | D:2      | Reached XP level 4. HP: 12/39 MP: 4/4
  2714 | D:3      | Reached skill level 7 in Axes
  3233 | D:4      | Noticed Edmund
  3266 | D:4      | Noticed a scorpion
  3279 | D:4      | Killed a scorpion
  3280 | D:4      | Reached XP level 5. HP: 10/45 MP: 5/5
  3291 | D:4      | Found a sand-covered staircase.
  3314 | Ossuary  | Entered an ossuary
  3340 | Ossuary  | Slain by a mummy

Illustrated notes

Levels and vault maps discovered:
D:1:      nicolae_arrival_somewhat_less_tricky_arrival, layout_basic,
          hellmonk_ecumenical_altar_slurped_away
D:2:      layout_loops_cross, serial_bayou_lake_a
D:3:      layout_loops_ring
D:4:      layout_basic, mainiacjoe_overflow_brackets, enter_ossuary_4,
          uniq_eustachio, uniq_edmund, uniq_grinder
Ossuary:  ossuary_zaba_flooded

Skill      XL: |  1  2  3  4 |
---------------+-------------+-----
Axes           | 5 6 7 |  7.9
Fighting       | |  3.6
Dodging        | |  2.4
Stealth        | |  1.5

Action                   |  1- 3 |  4- 6 || total
-------------------------+-------+-------++-------
Melee: Hand axe          |   104 |    95 ||   199
  Use: Scroll            |     3 |     4 ||     7
       Potion            |     1 |     2 ||     3
 Stab: Sleeping          |     1 |     2 ||     3
Armor: Robe              |    23 |     3 ||    26
       Ring mail         |       |    18 ||    18
Dodge: Dodged            |    77 |    42 ||   119

Table legend: (Time is in decaauts)
 A = Elapsed time spent in this place.
 B = Non-inter-level travel time spent in this place.
 C = Inter-level travel time spent in this place.
 D = Time resting spent in this place.
 E = Time spent auto-exploring this place.
 F = Levels seen in this place.
 G = Mean time per level.
                   A        B        C        D        E       F      G
               +--------+--------+--------+--------+--------+-----+--------+
         Total |   3367 |   3239 |    128 |    543 |   2156 |   5 |  673.4 |
       Dungeon |   3342 |   3214 |    128 |    527 |   2156 |   4 |  835.5 |
       Ossuary |     25 |     25 |      0 |     16 |      0 |   1 |   25.0 |
               +--------+--------+--------+--------+--------+-----+--------+

Top non-repeatable levels by time:
     D:2: 1319 daAuts
     D:1: 1132 daAuts
     D:3: 831 daAuts
     D:4: 59 daAuts
 Ossuary: 25 daAuts
